 Dungeon Crawl Stone Soup version 0.30-a0-606-ga80edbb (webtiles) character file.

Game seed: 4097790300062508729

717288 Spectre the Maledictor (level 27, -8/254 HPs)
             Began as a Demigod Hunter on Dec 30, 2022.
             Killed from afar by a Brimstone Fiend (28 damage)
             ... with damnation
             ... on level 23 of a ziggurat on Jan 7, 2023.
             The game lasted 02:32:35 (57639 turns).

Spectre the Maledictor (Demigod Hunter)            Turns: 57639, Time: 02:32:35

Health: -8/254     AC: 20    Str: 16    XL:     27
Magic:  0/49       EV: 75    Int: 14    God:
Gold:   7477       SH:  8    Dex: 78    Spells: 14/58 levels left

rFire   + + .      SeeInvis +    y - +3 arbalest "Maul" {penet, rElec Dex+4}
rCold   + + .      Faith    .    (shield currently unavailable)
rNeg    + + .      Spirit   +    P - +3 faerie dragon scales {rElec rCorr Dex+6}
rPois   +          Reflect  .    L - -2 hat of the Alchemist {rElec rPois rF+ rC+ rN+ Will+ rMut rCorr}
rElec   +          Harm     .    K - +2 cloak of Fallacy {Dex+5}
rCorr   +          Rampage  .    s - +2 pair of gloves {hurl}
rMut    +                        h - +3 pair of mountain boots {steadfast, rC+}
Will    +++..                    c - brooch of Shielding {Spirit SH+8}
Stlth   ++++++++                 V - ring "Bauf" {rF+ rN+ Str+4 Dex+4}
HPRegen 0.62/turn                p - ring "Soguec" {*Corrode Int+3 Dex+6 SInv}
MPRegen 0.31/turn

@: wereblooded, very slightly contaminated, hasted, studying Staves, very quick
A: high MP 1, forlorn, divine attributes
}: 4/15 runes: serpentine, barnacled, slimy, silver
a: no special abilities


You were on level 23 of a ziggurat.
You visited 11 branches of the dungeon, and saw 53 of its levels.
You visited 1 bazaar.
You visited 1 ziggurat, and saw 23 of its levels.
You also visited: Volcano, Wizlab and Desolation.

You collected 11443 gold pieces.
You spent 3966 gold pieces at shops.

Inventory:

Hand Weapons
 y - the +3 arbalest "Maul" (weapon) {penet, rElec Dex+4}
   (You found it on level 1 of the Vaults)

   Dex:       It affects your dexterity (+4).
   rElec:     It insulates you from electricity.
 S - the +8 lance "Wyrmbane" {slay drac, rPois rF+ rC+ AC+3}
   (You found it on level 20 of a ziggurat)

   It inflicts extra damage against dragons and draconians.
   AC:        It affects your AC (+3).
   rF:        It protects you from fire.
   rC:        It protects you from cold.
   rPois:     It protects you from poison.
 T - the +9 longbow of Gozag's Vengeance {freeze, rN++ Str+2 SInv Stlth-}
   (You found it on level 21 of a ziggurat)

   Str:       It affects your strength (+2).
   rN:        It greatly protects you from negative energy.
   SInv:      It lets you see invisible.
   Stlth:     It makes you less stealthy.
 U - the +9 arbalest "Kason" {heavy, rElec Dex+7}
   (You bought it in a shop on level 2 of the Orcish Mines)

   Dex:       It affects your dexterity (+7).
   rElec:     It insulates you from electricity.
Missiles
 J - 12 curare-tipped darts
Armour
 h - the +3 pair of mountain boots (worn) {steadfast, rC+}
   (You found it on level 13 of a ziggurat)

   It prevents involuntary movement, except for blinking, teleportation, or
   banishment.
   rC:        It protects you from cold.
 s - a +2 pair of gloves of hurling (worn)
 K - the +2 cloak of Fallacy (worn) {Dex+5}
   (You found it on level 2 of the Depths)

   Dex:       It affects your dexterity (+5).
 L - the -2 hat of the Alchemist (worn) {rElec rPois rF+ rC+ rN+ Will+ rMut rCorr}
   (You found it on level 14 of the Dungeon)

   rF:        It protects you from fire.
   rC:        It protects you from cold.
   rElec:     It insulates you from electricity.
   rPois:     It protects you from poison.
   rN:        It protects you from negative energy.
   rCorr:     It protects you from acid and corrosion.
   rMut:      It protects you from mutation.
   Will:      It increases your willpower.
 P - the +3 faerie dragon scales (worn) {rElec rCorr Dex+6}
   (You took it off the Enchantress on level 4 of the Depths)

   Dex:       It affects your dexterity (+6).
   rElec:     It insulates you from electricity.
   rCorr:     It protects you from acid and corrosion.
Jewellery
 c - the brooch of Shielding (around neck) {Spirit SH+8}
   (You bought it in a shop on level 10 of the Dungeon)

   [amulet of guardian spirit]

   It causes incoming damage to be divided between your reserves of health and
   magic.
   SH:        It affects your SH (+8).
 l - the ring of Suspected Treachery {rF+ rC+ rCorr Dex+4}
   (You found it on level 4 of the Shoals)

   [ring of protection from fire]

   Dex:       It affects your dexterity (+4).
   rF:        It protects you from fire.
   rC:        It protects you from cold.
   rCorr:     It protects you from acid and corrosion.
 m - the ring of the Tormentor {EV+5 Int+8 Dex+3}
   (You found it on level 17 of a ziggurat)

   [ring of evasion]

   EV:        It affects your evasion (+5).
   Int:       It affects your intelligence (+8).
   Dex:       It affects your dexterity (+3).
 p - the ring "Soguec" (right hand) {*Corrode Int+3 Dex+6 SInv}
   (You bought it in a shop on level 2 of the Orcish Mines)

   [ring of dexterity]

   Int:       It affects your intelligence (+3).
   Dex:       It affects your dexterity (+6).
   SInv:      It lets you see invisible.
   *Corrode:  It may corrode you when you take damage.
 r - the ring "Zuyxaror" {Drain rPois rC++ Dex+6 Stlth+}
   (You found it on level 20 of a ziggurat)

   [ring of dexterity]

   Dex:       It affects your dexterity (+6).
   rC:        It greatly protects you from cold.
   rPois:     It protects you from poison.
   Drain:     It drains your maximum health when unequipped.
   Stlth:     It makes you more stealthy.
 w - a +6 ring of dexterity
 B - the ring "Monwaleu" {Drain rF++ Str+5 SInv}
   (You found it in the Desolation of Salt)

   [ring of see invisible]

   Str:       It affects your strength (+5).
   rF:        It greatly protects you from fire.
   SInv:      It lets you see invisible.
   Drain:     It drains your maximum health when unequipped.
 G - the ring of Jegumac {rElec rF+++ rN+ Will- Slay+6}
   (You found it on level 15 of a ziggurat)

   [ring of positive energy]

   Slay:      It affects your accuracy & damage with ranged weapons and melee
   (+6).
   rF:        It renders you almost immune to fire.
   rElec:     It insulates you from electricity.
   rN:        It protects you from negative energy.
   Will:      It decreases your willpower.
 V - the ring "Bauf" (left hand) {rF+ rN+ Str+4 Dex+4}
   (You found it in the Desolation of Salt)

   [ring of positive energy]

   Str:       It affects your strength (+4).
   Dex:       It affects your dexterity (+4).
   rF:        It protects you from fire.
   rN:        It protects you from negative energy.
Wands
 e - a wand of digging (1)
 u - a wand of mindburst (27)
 H - a wand of acid (23)
 W - a wand of iceblast (30)
Scrolls
 a - 8 scrolls of poison
 b - 11 scrolls of immolation
 d - 5 scrolls of magic mapping
 g - 8 scrolls of vulnerability
 i - 28 scrolls of teleportation
 j - 19 scrolls of fog
 x - 4 scrolls of amnesia
 A - 23 scrolls of enchant weapon
 C - 6 scrolls of silence
 E - 11 scrolls of enchant armour
 O - 15 scrolls of blinking
Potions
 f - 12 potions of flight
 k - 12 potions of heal wounds
 n - 11 potions of cancellation
 o - 11 potions of lignification
 q - 6 potions of magic
 t - 26 potions of curing
 v - 10 potions of mutation
 z - 7 potions of attraction
 D - 5 potions of resistance
 F - 5 potions of haste
 I - 12 potions of brilliance
 N - a potion of ambrosia
 X - 2 potions of invisibility
Miscellaneous
 M - a tin of tremorstones (2/2)
 Q - a phantom mirror
 R - a box of beasts
 Y - a phial of floods
 Z - a condenser vane


   Skills:
 * Level 21.9 Fighting
 + Level 22.4 Ranged Weapons
 - Level 8.5 Armour
 + Level 22.0 Dodging
 - Level 11.5 Stealth
 + Level 16.1 Spellcasting
 + Level 22.7 Hexes
 * Level 7.3 Translocations
 - Level 5.0 Transmutations
 - Level 5.0 Air Magic
 + Level 11.2 Evocations


You had 14 spell levels left.
You knew the following spells:

 Your Spells              Type           Power      Damage    Failure   Level
a - Wereblood             Tmut           25%        N/A       1%          2
b - Inner Flame           Hex/Fire       43%        N/A       1%          3
c - Leda's Liquefaction   Hex/Erth       21%        N/A       1%          4
d - Cause Fear            Hex            33%        N/A       0%          4
e - Silence               Hex/Air        25%        N/A       1%          5
f - Enfeeble              Hex            33%        N/A       1%          7
g - Discord               Hex            33%        N/A       4%          8
h - Blink                 Tloc           62%        N/A       1%          2
i - Portal Projectile     Hex/Tloc       100%       N/A       1%          3
j - Dispersal             Tloc           15%        N/A       47%         6

Your spell library contained the following spells:

 Spells                   Type           Power      Damage    Failure   Level
 Tukima's Dance           Hex            66%        N/A       0%          3
 Apportation              Tloc           62%        N/A       1%          1
 Beastly Appendage        Tmut           50%        N/A       1%          1
 Ensorcelled Hibernation  Hex/Ice        86%        N/A       1%          2
 Dazzling Flash           Conj/Hex       86%        N/A       1%          3
 Gell's Gravitas          Tloc           31%        N/A       1%          3
 Lesser Beckoning         Tloc           62%        N/A       1%          3
 Summon Guardian Golem    Hex/Summ       43%        N/A       1%          3
 Teleport Other           Tloc           31%        N/A       1%          3
 Vhi's Electric Charge    Tloc/Air       56%        N/A       1%          3
 Anguish                  Hex/Necr       21%        N/A       1%          4
 Fulminant Prism          Conj/Hex       21%        3d12      1%          4
 Metabolic Englaciation   Hex/Ice        21%        N/A       1%          5
 Summon Mana Viper        Hex/Summ       43%        N/A       1%          5
 Yara's Violent Unravell  Hex/Tmut       25%        3d11      1%          5
 Shock                    Conj/Air       72%        1d7       2%          1
 Sting                    Tmut/Pois      72%        1d6       2%          1
 Swiftness                Air            25%        N/A       2%          3
 Passwall                 Tmut/Erth      15%        N/A       3%          2
 Manifold Assault         Tloc           31%        N/A       3%          4
 Passage of Golubria      Tloc           31%        N/A       3%          4
 Kindle Blastsparks       Fire/Tloc/Air  44%        2d13      4%          3
 Foxfire                  Conj/Fire      44%        2x1d6     7%          1
 Freeze                   Ice            44%        1d6       7%          1
 Magic Dart               Conj           44%        1d5       7%          1
 Necrotise                Necr           44%        1d6       7%          1
 Sandblast                Erth           22%        2d7       7%          1
 Summon Small Mammal      Summ           44%        N/A       7%          1
 Spider Form              Tmut/Pois      18%        N/A       8%          3
 Airstrike                Air            12%        2d(2-18)  9%          4
 Call Imp                 Summ           11%        N/A       11%         2
 Scorch                   Fire           22%        2d6       11%         2
 Searing Ray              Conj           22%        2d5       11%         2
 Sublimation of Blood     Necr           11%        N/A       11%         2
 Ignite Poison            Fire/Tmut/Pois 15%        N/A       11%         3
 Mephitic Cloud           Conj/Pois/Air  15%        N/A       11%         3
 Call Canine Familiar     Summ           11%        N/A       22%         3
 Frozen Ramparts          Ice            22%        1d4       22%         3
 Hailstorm                Conj/Ice       11%        3d5       22%         3
 Ozocubu's Armour         Ice            11%        N/A       22%         3
 Stone Arrow              Conj/Erth      22%        3d8       22%         3
 Vampiric Draining        Necr           11%        2d6       22%         3
 Ice Form                 Ice/Tmut       18%        N/A       26%         4
 Petrify                  Tmut/Erth      18%        N/A       26%         4
 Summon Lightning Spire   Summ/Air       18%        N/A       26%         4
 Blade Hands              Tmut           12%        N/A       26%         5
 Summon Forest            Summ/Tloc      10%        N/A       41%         5
 Animate Armour           Summ/Erth      22%        N/A       56%         4
 Animate Dead             Necr           11%        N/A       56%         4
 Dispel Undead            Necr           11%        3d9       56%         4
 Flame Wave               Conj/Fire      11%        2d6       56%         4
 Olgreb's Toxic Radiance  Pois           11%        N/A       56%         4
 Sticky Flame             Conj/Fire      11%        2d3       56%         4
 Summon Ice Beast         Ice/Summ       11%        N/A       56%         4
 Alistair's Intoxication  Tmut/Pois      12%        N/A       56%         5
 Arcjolt                  Conj/Air       9%         1d19      56%         5
 Irradiate                Conj/Tmut      9%         3d14      56%         5
 Lightning Bolt           Conj/Air       9%         1d21      56%         5
 Freezing Cloud           Conj/Ice/Air   7%         6-21      69%         5
 Agony                    Necr           11%        N/A       89%         5
 Borgnjor's Vile Clutch   Necr/Erth      5%         N/A       89%         5
 Fireball                 Conj/Fire      5%         3d5       89%         5
 Iskenderun's Battlesphe  Conj           11%        2d7       89%         5
 Lee's Rapid Deconstruct  Erth           5%         3d6*      89%         5
 Conjure Ball Lightning   Conj/Air       9%         3x3d6     98%         6
 Eringya's Noxious Bog    Tmut/Pois      9%         N/A       98%         6
 Statue Form              Tmut/Erth      12%        N/A       98%         6
 Death Channel            Necr           5%         N/A       100%        6
 Iron Shot                Conj/Erth      5%         9d2       100%        6
 Simulacrum               Ice/Necr       5%         N/A       100%        6
 Starburst                Conj/Fire      5%         6d4       100%        6
 Summon Cactus Giant      Summ           5%         N/A       100%        6
 Dragon Form              Tmut           12%        N/A       100%        7
 Haunt                    Necr/Summ      5%         N/A       100%        7
 Malign Gateway           Summ/Tloc      10%        N/A       100%        7
 Monstrous Menagerie      Summ           5%         N/A       100%        7
 Orb of Destruction       Conj           5%         9d5       100%        7
 Ozocubu's Refrigeration  Ice            5%         4d8       100%        7
 Spellforged Servitor     Conj/Summ      5%         N/A       100%        7
 Storm Form               Tmut/Air       12%        N/A       100%        7
 Summon Hydra             Summ           5%         N/A       100%        7
 Borgnjor's Revivificati  Necr           5%         N/A       100%        8
 Disjunction              Tloc           15%        N/A       100%        8
 Infestation              Necr           5%         N/A       100%        8
 Lehudib's Crystal Spear  Conj/Erth      5%         10d3      100%        8
 Maxwell's Capacitive Co  Air            12%        ∞         100%        8
 Necromutation            Tmut/Necr      9%         N/A       100%        8
 Summon Horrible Things   Summ           5%         N/A       100%        8
 Chain Lightning          Conj/Air       9%         3d12      100%        9
 Death's Door             Necr           5%         N/A       100%        9
 Dragon's Call            Summ           5%         N/A       100%        9
 Fire Storm               Conj/Fire      5%         8d2       100%        9
 Polar Vortex             Ice            5%         N/A       100%        9
 Shatter                  Erth           5%         3d8*      100%        9


Dungeon Overview and Level Annotations

Branches:
Dungeon (15/15)            Temple (0/1) D:5            Lair (5/5) D:11
 Shoals (4/4) Lair:3        Snake (4/4) Lair:2        Slime (5/5) Lair:4
    Orc (2/2) D:11            Elf (3/3) Orc:2        Vaults (5/5) D:13
  Crypt (3/3) Vaults:2       Tomb (0/3) Crypt:3      Depths (4/4) D:15
    Zot (3/5) Depths:4    Volcano (visited)          WizLab (visited)
Desolation (visited)

Shops:
D:2 (   D:6 [?   D:8 (   D:10 =[[[   Orc:2 ([=(   Depths:2 [[

Portals:
Hell: Depths:1 Depths:2 Depths:3 Depths:4
Abyss: Depths:3
Pandemonium: Depths:2

Annotations:
D:2 1 runed translucent door, Crazy Yiuf
D:9 3 runed translucent doors, Stormy's ghost, journeyman HuHu
Lair:3 2 transporters
Elf:2 3 runed translucent doors


Innate Abilities, Weirdness & Mutations

You have an increased reservoir of magic. (+10% MP)
You shall have no god before yourself.
Your divine heritage dramatically boosts your attributes as you level up.


Message History

The Executioner completely misses you. You block the Executioner's attack.
The Executioner completely misses you. x4; You block the Executioner's attack.
The Executioner completely misses you.
The Brimstone Fiend hits you but does no damage.
The Brimstone Fiend completely misses you. x2
A demonspawn warmonger comes into view.
It is wielding a +2 antimagic demon whip and wearing a +0 tower shield of reflection.
A Brimstone Fiend comes into view.
Unknown command.
You feel much better. The Executioner completely misses you.
You block the Executioner's attack. The Executioner completely misses you.
The Executioner misses you. The Executioner completely misses you.
You block the Executioner's attack.
An Ice Fiend comes into view.
The ynoxinul gestures.
A sun demon comes into view.
A red devil comes into view. It is wielding a +0 demon trident.
The Brimstone Fiend calls on the powers of darkness!
The cherub convulses!
Your body is wracked with pain!
* * * LOW HITPOINT WARNING * * *
A demonspawn blood saint comes into view.
It is wielding a +0 dagger.
The demonic crawler completely misses you. x2
You block the demonic crawler's attack.
The Tzitzimitl calls on the powers of darkness!
The cherub convulses!
Your body is wracked with pain!
* * * LOW HITPOINT WARNING * * *
The Executioner completely misses you. The Executioner closely misses you.
The Executioner completely misses you.
Unknown command.
As you read the scroll of fog, it crumbles to dust.
The scroll dissolves into smoke.
Your surroundings suddenly seem different.
A balrug, a demonspawn warmonger, 2 ynoxinuls, a Hell Sentinel, a Brimstone Fiend, a shadow demon, a lorocyproca, 2 green deaths, a soul eater, 4 blizzard demons, a neqoxec, a cacodemon, a demonic crawler and 3 reapers come into view.
The balrug is wielding a +1 demon whip of venom.
The demonspawn warmonger is wielding a +0 demon whip of draining and wearing a +0 kite shield of protection.
A reaper is wielding a +3 scythe of protection.
A reaper is wielding a +1 scythe of venom.
A reaper is wielding a +3 scythe of flaming.
The ynoxinul gestures. x2
The blizzard demon waves its arms in wide circles.
The air twists around and strikes you.
* * * LOW HITPOINT WARNING * * *
The Brimstone Fiend gestures at you.
The sphere of damnation explodes!
The damnation engulfs you!!
You die...

▓▓......)
▓▓...2....5.......
▓▓1.1332s..........
▓▓.3.)656535..1.....
▓▓11.5561222.12......
▓▓1465...2232.........
▓§1A516.423255........
▓▓s11.5..2............
▓▓§......2...@.......
▓▓..................
▓▓.................
▓................
▓...............
▓..............
▓▓.............
▓▓...........▓


You could see a Hell Sentinel, 2 demonspawn warmongers, 2 Brimstone Fiends, an
Ice Fiend (fast, strong), a cacodemon (agile), a demonspawn blood saint (agile,
resistant), a lorocyproca (fast, agile, invisible), 3 reapers, a balrug
(wandering), 2 green deaths, 4 blizzard demons, a soul eater (strong, agile), a
demonic crawler (strong, agile), a sun demon (wandering, strong, agile), a
shadow demon (wandering, strong), a neqoxec, 2 ynoxinuls, a red devil (strong,
agile) and 7 ufetubi.

Vanquished Creatures
  the Royal Jelly (Slime:5)
  10 dread liches
  2 orbs of fire
  Mennas (Vaults:5)
  Khufu (Crypt:2)
  Mara (Shoals:4)
  4 juggernauts
  The ghost of Wowk the Warrior, a veteran NaVM of Okawaru (Depths:2)
  Sojobo (Vaults:3)
  3 shard shrikes
  Parghit (Depths:4)
  Boris (thrice) (Vaults:3 Depths:1 Depths:2)
  2 royal mummies (Crypt:2)
  A Killer Klown (Zot:3)
  Frederick (Vaults:4)
  2 curse toes
  The ghost of Debarherph the Executioner, a veteran FoFi of Dithmenos (Crypt:1)
  4 caustic shrikes
  Saint Roka (Elf:3)
  the Enchantress (Depths:4)
  15 golden dragons
  Nikola (Shoals:4)
  A pandemonium lord (Zig:23)
  4 Tzitzimimeh
  A bone dragon (Depths:2)
  3 doom hounds
  Jorgrun (D:12)
  Rupert (D:13)
  2 Ice Fiends
  17 tentacled monstrosities
  Mlioglotl (Shoals:1)
  A walking crystal tome (Depths:3)
  5 hellephants
  7 liches
  Grunn (Depths:3)
  2 krakens
  9 titans
  21 acid blobs
  A walking frostbound tome (Depths:3)
  7 deep elf master archers
  6 quicksilver dragons
  12 deep elf blademasters
  6 death cobs
  Polyphemus (Shoals:4)
  The ghost of Bumn the Brawler, an adept TrMo of Fedhas (Depths:2)
  12 shadow dragons
  The ghost of Weadwuuwk the Warrior, an adept OpFi of Jiyva (Shoals:1)
  8 ancient champions
  A thorn hunter (Zig:16)
  Roxanne (Shoals:1)
  9 sphinxes
  8 tengu reavers
  20 storm dragons
  Kirke (Lair:4)
  Donald (Shoals:4)
  An azure jelly (shapeshifter) (Vaults:5)
  6 nagarajas
  10 azure jellies
  6 deep elf sorcerers
  4 narguns
  4 revenants
  3 draconian monks
  6 frost giants
  7 draconian knights
  17 vault wardens
  15 rockslimes
  An emperor scorpion (Zig:10)
  7 draconian scorchers
  13 fire giants
  Aizul (Snake:2)
  A draconian shifter (Zot:1)
  A balrug (Zig:23)
  3 curse skulls
  2 ghost moths
  5 iron dragons
  3 imperial myrmidons (Desolation)
  2 draconian stormcallers
  3 spriggan defenders (Depths:4)
  6 ghouls
  2 deep elf elementalists
  3 angels
  3 orc warlords
  2 reapers
  18 ironbound preservers
  4 draconian annihilators
  25 very ugly things
  9 deep elf demonologists
  5 demonspawn corrupters (WizLab)
  15 quicksilver oozes
  5 war gargoyles
  26 stone giants
  6 vampire knights
  An eleionoma (shapeshifter) (Vaults:5)
  8 ironbound thunderhulks
  2 demonspawn black suns (Zig:23)
  4 green draconians
  3 putrid mouths
  4 yellow draconians
  A bunyip (Zig:16)
  A halazid warlock (Desolation)
  2 black draconians (Depths:4)
  8 white draconians
  12 deep elf annihilators
  5 red draconians
  5 wendigos
  9 spark wasps
  20 dire elephants
  6 purple draconians
  9 eidola
  The ghost of steven32 the Carver, a journeyman MiGl of Uskayaw (Lair:2)
  16 ettins
  A green death (WizLab)
  12 fire dragons
  A blizzard demon (Zig:12)
  7 crystal guardians
  4 merfolk javelineers
  4 deep elf death magi
  11 jiangshi
  10 deep elf high priests
  A quicksilver dragon zombie (Crypt:3)
  7 ragged hierophants (Desolation)
  20 yaktaur captains
  12 great orbs of eyes
  5 entropy weavers
  9 merfolk impalers
  A spriggan zombie (Crypt:2)
  9 peacekeepers
  3 rakshasas
  Josephine (Shoals:1)
  4 salamander tyrants (Snake:4)
  24 hydras
  13 ice dragons
  8 catoblepae
  11 servants of whispers (Desolation)
  10 anacondas
  31 vault guards
  3 merfolk avatars
  4 spriggan air magi
  A jorogumo (Zig:10)
  2 radroaches (Zig:10)
  4 ogre magi
  7 death knights
  2 hell beasts (Depths:1)
  15 tengu warriors
  A ghost crab (Zig:16)
  5 ironbound frosthearts
  5 merfolk aquamancers
  9 boulder beetles
  16 centaur warriors
  4 satyrs
  A fenstrider witch skeleton (Crypt:3)
  16 two-headed ogres
  An Orb Guardian skeleton (Crypt:3)
  13 naga warriors
  6 deep troll earth magi
  An emperor scorpion zombie (Crypt:2)
  10 vampire magi
  7 deep troll shamans
  3 death yaks
  A hell hog (Depths:3)
  23 dancing weapons
  4 spriggan berserkers
  14 naga sharpshooters
  Urug (D:13)
  A shock serpent (Snake:1)
  9 orc high priests
  Sonja (D:10)
  10 deep elf knights
  6 spriggans
  10 hell knights
  A titan skeleton (Crypt:3)
  3 soul eaters
  21 skeletal warriors
  A sixfirhy (Zig:23)
  2 sun demons
  11 iron trolls
  2 pharaoh ants (Zig:10)
  A golden dragon zombie (Crypt:2)
  2 shadow wraiths (Crypt:3)
  7 glowing orange brains
  5 salamander mystics (Snake:4)
  4 death drakes (Zig:19)
  15 sea snakes
  51 deep trolls
  An orb spider (shapeshifter) (Depths:2)
  3 flayed ghosts
  Lodul (D:13)
  A death drake (shapeshifter) (Vaults:5)
  4 swamp dragons
  9 deep elf archers
  A bog body (Crypt:1)
  2 goliath frogs (Lair:5)
  3 spriggan druids
  7 naga ritualists
  14 wizards
  A bunyip zombie (Crypt:2)
  26 ironbound convokers
  An anaconda skeleton (Crypt:3)
  32 deep elf pyromancers
  2 steelbarb worms
  19 phantasmal warriors
  A spriggan simulacrum (Zig:12)
  9 orc knights
  15 harpies
  A lindwurm (Vaults:1)
  41 ugly things
  2 oklob plants (Shoals:4)
  3 wolf spiders
  7 orc sorcerers
  6 mana vipers
  9 salamanders
  2 will-o-the-wisps (Zig:16)
  14 moths of wrath
  A shining eye (Slime:1)
  20 deep elf zephyrmancers
  2 necromancers
  A mana viper (shapeshifter) (Zig:22)
  18 manticores
  38 fauns
  13 merfolk sirens
  12 cyclopes
  A stone giant skeleton (Crypt:3)
  A moth of wrath (shapeshifter) (Depths:4)
  A naga zombie (Crypt:2)
  9 guardian serpents
  4 worldbinders (WizLab)
  6 elephants
  A dire elephant zombie (Crypt:2)
  2 ice statues (Elf:1)
  25 black mambas
  A water nymph (shapeshifter) (Vaults:5)
  6 water nymphs
  15 naga magi
  2 eyes of devastation (Slime:5)
  17 vault sentinels
  3 demonic crawlers
  2 hellions
  4 torpor snails
  25 cane toads
  A gargoyle (D:14)
  2 human zombies (Vaults:2)
  2 unseen horrors
  6 rime drakes
  6 freezing wraiths
  4 efreet
  An elephant slug zombie (Crypt:2)
  2 dire elephant skeletons
  22 yaktaurs
  An unseen horror zombie (Crypt:1)
  A catoblepas zombie (Crypt:2)
  A green draconian skeleton (Crypt:1)
  12 komodo dragons
  4 tengu conjurers
  2 komodo dragons (shapeshifter)
  3 tormentors
  A yellow draconian skeleton (Crypt:1)
  6 meliai
  34 merfolk
  2 trolls (shapeshifter)
  A sea snake skeleton (Crypt:3)
  3 tyrant leeches (Lair:5)
  3 polar bears
  6 wind drakes
  A black draconian skeleton (Crypt:1)
  10 trolls
  5 hornets (Depths:1)
  A tarantella (Zig:10)
  24 blink frogs
  A wind drake (shapeshifter) (Zig:22)
  65 saltlings (Desolation)
  7 snapping turtles
  19 dream sheep
  59 slime creatures
  Sigmund (D:3)
  A jumping spider (Zig:10)
  2 centaur simulacra
  A culicivora (shapeshifter) (Elf:3)
  A flying skull (Crypt:3)
  4 shadows
  4 vampires
  7 air elementals
  11 water elementals
  11 wraiths
  31 yaks
  2 wyverns (shapeshifter)
  9 fire elementals
  2 fire bats (shapeshifter)
  6 basilisks
  16 golden eyes
  5 wyverns
  16 humans (D:13)
  Eustachio (D:4)
  3 redbacks
  Menkaure (D:4)
  A glowing shapeshifter zombie (Vaults:2)
  4 steam dragons
  6 vampire mosquitoes
  56 nagas
  5 wargs
  2 acid dragons
  9 water moccasins
  A floating eye (shapeshifter) (D:14)
  A faun skeleton (Crypt:2)
  2 ice beasts
  4 hell hounds (Volcano)
  4 swamp drakes (Zig:19)
  46 orc warriors
  A black mamba simulacrum (Crypt:2)
  A sky beast (D:7)
  A black bear (D:7)
  An ogre (shapeshifter) (Vaults:5)
  A swamp dragon zombie (Crypt:3)
  9 wolves
  A wolf (shapeshifter) (Vaults:5)
  22 ogres
  A phantom (D:11)
  A centaur (shapeshifter) (Zig:15)
  5 centaurs
  Blork the orc (D:4)
  A rime drake skeleton (Crypt:2)
  4 kobold brigands
  22 bullfrogs
  3 earth elementals (Zig:18)
  8 necrophages
  A scorpion (D:6)
  8 wights
  A warg zombie (Crypt:3)
  9 killer bees
  2 troll zombies (D:11)
  A yak skeleton (Crypt:2)
  6 electric eels
  A wolf skeleton (Crypt:3)
  A bullfrog zombie (Crypt:1)
  3 jellies
  35 orc priests
  6 hounds
  Jessica (D:3)
  A black bear skeleton (Crypt:1)
  A centaur skeleton (Crypt:3)
  2 gnoll boudas
  2 iguanas
  A boggart zombie (Crypt:1)
  14 hell rats
  Natasha (thrice) (D:3)
  21 orc wizards
  A deep dwarf skeleton (Crypt:1)
  6 ogre zombies (D:11)
  An ogre skeleton (Crypt:1)
  A mummy (Crypt:2)
  7 adders
  A swamp drake zombie (Crypt:1)
  15 gnolls
  2 shadow imps (D:5)
  3 ufetubi
  A worm zombie (Crypt:1)
  3 adder zombies (D:3)
  A worm (D:2)
  88 orcs
  6 bats
  7 endoplasms
  11 giant cockroaches
  13 hobgoblins
  10 jackals
  26 kobolds
  2 quokkas
  4 ball pythons
  A ball python zombie (D:3)
  4 frilled lizards
  4 goblins
  2 goblin skeletons (D:11)
  4 goblin zombies (D:11)
  A hobgoblin skeleton (D:11)
  A hobgoblin zombie (D:11)
  A kobold skeleton (Crypt:2)
  17 orc zombies (D:11)
  4 rats
  5 tentacles
2676 creatures vanquished.

Vanquished Creatures (collateral kills)
  An ancient lich (Zig:22)
  A juggernaut (Zig:17)
  A golden dragon (Zig:19)
  2 hellephants
  A titan (Zig:22)
  2 sphinxes
  A shadow dragon (Zig:19)
  A vault warden (Zig:15)
  A draconian scorcher (Zig:7)
  An emperor scorpion (Zig:9)
  An orc warlord (Zig:17)
  A draconian shifter (Zot:1)
  A draconian stormcaller (Zig:7)
  A stone giant (Zig:22)
  A draconian annihilator (Zig:7)
  A broodmother (shapeshifter) (Zig:22)
  A dire elephant (Zig:11)
  2 deep elf demonologists
  An ettin (Vaults:5)
  A green death (Zig:16)
  2 yaktaur captains
  2 deep elf high priests
  2 entropy weavers
  An ogre mage (Zig:22)
  8 hydras
  An ice dragon (Zig:19)
  A merfolk aquamancer (Zig:8)
  A catoblepas (Zig:21)
  A dancing weapon (Zig:14)
  A death yak (Zig:20)
  4 orc high priests
  A pharaoh ant (Zig:9)
  3 spriggan druids
  A goliath frog (Zig:16)
  An orb spider (shapeshifter) (Zig:15)
  A bog body (Zig:16)
  2 phantasmal warriors
  2 orc knights
  A swamp dragon (Zig:19)
  2 orb spiders (Zig:9)
  A deep elf archer (Zig:14)
  2 deep elf zephyrmancers (Zig:14)
  A deep elf pyromancer (Vaults:5)
  An ironbound convoker (Zig:22)
  A lindwurm (Zig:20)
  An orc sorcerer (Zig:17)
  A shining eye (shapeshifter) (Zig:15)
  4 moths of wrath
  A manticore (Zig:8)
  2 elephants
  A guardian serpent (shapeshifter) (Zig:15)
  A water nymph (Zig:8)
  5 black mambas
  A torpor snail (Zig:9)
  10 cane toads
  A yaktaur (Vaults:5)
  5 komodo dragons
  A freezing wraith (Vaults:5)
  A merfolk (Zig:8)
  A wind drake (shapeshifter) (Zig:15)
  A tarantella (Zig:9)
  4 trolls
  A tyrant leech (Zig:16)
  5 blink frogs
  A dream sheep (shapeshifter) (Zig:15)
  A water elemental (Zig:14)
  A wyvern (Zig:11)
  7 yaks
  A steam dragon (Zig:19)
  A fire elemental (Zig:14)
  2 basilisks (Zig:20)
  7 water moccasins
  9 orc warriors
  3 ogres (Zig:17)
  2 orc priests (Zig:17)
  3 orc wizards (Zig:17)
152 creatures vanquished.

Vanquished Creatures (others)
  A juggernaut (Zig:17)
  A caustic shrike (Zig:21)
  A hellephant (Zig:20)
  A deep elf master archer (Zig:14)
  A shadow dragon (Zig:19)
  2 tengu reavers
  2 draconian knights (Zot:1)
  2 draconian monks (Zot:1)
  A draconian scorcher (Zig:4)
  2 vault wardens
  A very ugly thing (Zig:15)
  A reaper (Zig:23)
  An ironbound preserver (Vaults:5)
  A deep elf demonologist (Zig:18)
  A green draconian (Zot:1)
  A broodmother (Zig:9)
  A deep elf annihilator (Zig:18)
  A yellow draconian (Zot:2)
  A purple draconian (Zot:1)
  A wendigo (Zig:6)
  2 yaktaur captains (Zig:22)
  A deep elf high priest (Vaults:5)
  6 hydras
  A hell beast (Zig:23)
  A vault guard (Vaults:5)
  A merfolk aquamancer (Zig:8)
  2 boulder beetles
  An alligator (Zig:16)
  A two-headed ogre (Zig:17)
  2 orc high priests
  3 deep elf knights
  2 death yaks (Zig:20)
  2 goliath frogs (Zig:16)
  2 death drakes (Zig:19)
  4 swamp dragons
  A lindwurm (Zig:20)
  An orb spider (Zig:9)
  A deep elf archer (Zig:18)
  3 deep elf zephyrmancers
  2 orc knights
  A lindwurm (shapeshifter) (Zig:22)
  A spriggan simulacrum (Zig:6)
  A wolf spider (Zig:15)
  3 moths of wrath
  An orc sorcerer (Zig:17)
  A manticore (Zig:8)
  A black mamba (Zig:20)
  3 cane toads
  A spark wasp simulacrum (Zig:12)
  2 rime drakes
  5 komodo dragons (Zig:21)
  A merfolk (Zig:8)
  2 polar bears (Zig:20)
  A bloated husk (Zig:16)
  An iron dragon simulacrum (Zig:6)
  3 blink frogs
  A tyrant leech (Zig:16)
  A snapping turtle (Zig:8)
  A jumping spider (Zig:9)
  A slime creature (Slime:4)
  A water elemental (Zig:18)
  A spriggan (Depths:4)
  2 humans (Lair:5)
  2 redbacks
  2 wargs (Zig:17)
  A swamp worm (shapeshifter) (Zig:14)
  2 acid dragons (Zig:19)
  2 water moccasins (Zig:20)
  3 orc warriors
  2 wolves
  An ogre (Zig:17)
  An orc priest (Zig:13)
  An orc wizard (Zig:17)
  18 foxfires (Zig:16)
  20 fungi
  113 plants
  10 tentacles
  8 withered plants
285 creatures vanquished.

Grand Total: 3113 creatures vanquished

Notes
Turn   | Place    | Note
-------+----------+-------------------------------------------
     0 | D:1      | Spectre the Demigod Hunter began the quest for the Orb.
     0 | D:1      | Reached XP level 1. HP: 17/17 MP: 3/3
   262 | D:1      | Reached XP level 2. HP: 24/24 MP: 4/4
   885 | D:2      | Reached XP level 3. HP: 29/29 MP: 5/5
  1040 | D:2      | You fall into a shaft and drop 1 floor!
  1042 | D:3      | Noticed Jessica
  1048 | D:3      | Killed Jessica
  1049 | D:3      | Reached skill level 5 in Ranged Weapons
  1049 | D:3      | Reached XP level 4. HP: 36/36 MP: 6/6
  1315 | D:2      | Identified the +6 whip of Lese Zia {antimagic, rF- rC+++
                  | Dex+6}
  1334 | D:2      | Found Syta's Antique Weapon Shop.
  1571 | D:2      | Found a runed translucent door.
  1572 | D:2      | Noticed Crazy Yiuf
  1868 | D:3      | Noticed Natasha
  1879 | D:3      | Noticed Sigmund
  1890 | D:3      | Killed Natasha
  1891 | D:3      | Reached XP level 5. HP: 20/41 MP: 7/7
  2002 | D:4      | Noticed Blork the orc
  2016 | D:4      | Killed Blork the orc
  2137 | D:4      | Noticed an ogre
  2151 | D:4      | Killed an ogre
  2152 | D:4      | Reached XP level 6. HP: 48/48 MP: 8/8
  2462 | D:4      | Noticed Menkaure
  2474 | D:4      | Killed Menkaure
  2705 | D:4      | Noticed Eustachio
  2731 | D:4      | Killed Eustachio
  2732 | D:4      | Reached XP level 7. HP: 48/53 MP: 9/9
  2919 | D:5      | Entered Level 5 of the Dungeon
  3291 | D:5      | Found a staircase to the Ecumenical Temple.
  3504 | D:5      | Identified the +10 quarterstaff "Dragonbane" {pain, Str+4}
  3750 | D:3      | Noticed Natasha
  3754 | D:3      | Killed Natasha
  3770 | D:3      | Noticed Natasha
  3774 | D:3      | Killed Natasha
  3915 | D:3      | Killed Sigmund
  3916 | D:3      | Reached skill level 10 in Ranged Weapons
  3916 | D:3      | Reached XP level 8. HP: 54/60 MP: 10/10
  4583 | D:6      | Found Mutifi's Magic Scroll Emporium.
  4586 | D:6      | Bought a scroll of teleportation for 45 gold pieces
  4586 | D:6      | Bought a scroll of teleportation for 45 gold pieces
  4606 | D:6      | Found Hipsesuly's Antique Armour Boutique.
  5156 | D:6      | Bought a twisted leather armour for 182 gold pieces
  5156 | D:6      | Identified the +1 leather armour of the Stars {Str+4} (You
                  | bought it in a shop on level 6 of the Dungeon)
  5367 | D:7      | Reached XP level 9. HP: 13/70 MP: 11/11
  6959 | D:8      | Found Lufuwulo's Antique Weapon Emporium.
  7063 | D:9      | Noticed a green ugly thing
  7072 | D:9      | Killed a green ugly thing
  7073 | D:9      | Reached skill level 5 in Fighting
  7073 | D:9      | Reached skill level 5 in Dodging
  7077 | D:9      | Noticed a green ugly thing
  7086 | D:9      | Killed a green ugly thing
  7087 | D:9      | Reached XP level 10. HP: 53/81 MP: 13/13
  7199 | D:9      | Got the Precepts of Fascination
  7211 | D:9      | Noticed a cyclops
  7222 | D:9      | Killed a cyclops
  7678 | D:9      | Found a runed translucent gate.
  7678 | D:9      | Found a runed translucent gate.
  7678 | D:9      | Found a runed translucent gate.
  7752 | D:9      | Noticed Stormy's ghost (journeyman HuHu)
  8426 | D:10     | Entered Level 10 of the Dungeon
  8481 | D:10     | Noticed Sonja
  8481 | D:10     | Noticed a two-headed ogre
  9051 | D:10     | Found Usenohyu's Armour Shoppe.
  9054 | D:10     | Found Ufirph Ebba's Jewellery Shoppe.
  9058 | D:10     | Found Wonyzec's Armour Shoppe.
  9076 | D:10     | Found Joemam's Armour Shoppe.
  9158 | D:10     | Bought a +0 cloak for 72 gold pieces
  9158 | D:10     | Bought a +1 hat for 176 gold pieces
  9287 | D:10     | Killed Sonja
  9623 | D:10     | Killed a two-headed ogre
  9624 | D:10     | Reached XP level 11. HP: 91/91 MP: 14/14
  9990 | D:11     | Found a staircase to the Orcish Mines.
 10599 | D:11     | Noticed a two-headed ogre
 10653 | D:11     | Killed a two-headed ogre
 10691 | D:11     | Reached skill level 1 in Stealth
 10798 | D:11     | Found a staircase to the Lair.
 11024 | Lair:1   | Entered Level 1 of the Lair of Beasts
 11371 | Lair:1   | Reached skill level 1 in Evocations
 11805 | Lair:2   | Found a runed translucent gate.
 11805 | Lair:2   | Found a runed translucent gate.
 11806 | Lair:2   | Found a runed translucent gate.
 11809 | Lair:2   | Noticed steven32's ghost (journeyman MiGl)
 11884 | Lair:2   | HP: 2/94 [yak (13)]
 11979 | Lair:2   | Noticed an eight-headed hydra
 11984 | Lair:2   | Killed an eight-headed hydra
 11985 | Lair:2   | Reached XP level 12. HP: 101/101 MP: 15/15
 12036 | Lair:2   | Reached skill level 15 in Ranged Weapons
 12163 | Lair:2   | Found a dark tunnel.
 12179 | Lair:2   | Identified the +4 arbalest of Crusades {freeze, Fly}
 12198 | Volcano  | Entered a volcano
 12522 | Lair:2   | Found a staircase to the Snake Pit.
 13060 | Lair:3   | Noticed a four-headed hydra
 13063 | Lair:3   | Killed a four-headed hydra
 13214 | Lair:3   | Noticed a seven-headed hydra
 13218 | Lair:3   | Killed a seven-headed hydra
 13238 | Lair:3   | Found a staircase to the Shoals.
 13338 | Lair:3   | Found a transporter.
 13905 | Lair:3   | Found a transporter.
 14072 | Lair:4   | Reached XP level 13. HP: 96/110 MP: 16/16
 14078 | Lair:4   | Reached skill level 10 in Dodging
 14288 | Lair:4   | Reached skill level 5 in Stealth
 14364 | Lair:4   | Found a staircase to the Slime Pits.
 14820 | Lair:5   | Entered Level 5 of the Lair of Beasts
 14930 | Orc:1    | Entered Level 1 of the Orcish Mines
 15375 | Orc:2    | Entered Level 2 of the Orcish Mines
 15422 | Orc:2    | Reached skill level 5 in Evocations
 15714 | Orc:2    | Found a staircase to the Elven Halls.
 16022 | Orc:2    | Found Jaoptou's Antique Armour Emporium.
 16022 | Orc:2    | Found Yhajaobu's Antique Weapon Emporium.
 16023 | Orc:2    | Found Neufir's Weapon Emporium.
 16023 | Orc:2    | Found Vountyump's Jewellery Shoppe.
 16038 | Orc:2    | Bought the +9 arbalest "Kason" {heavy, rElec Dex+7} for 818
                  | gold pieces
 16045 | Orc:2    | Bought the ring "Soguec" {*Corrode Int+3 Dex+6 SInv} for
                  | 766 gold pieces
 16452 | D:12     | Noticed Jorgrun
 16466 | D:12     | Killed Jorgrun
 16827 | D:12     | Upgraded the game from 0.30-a0-576-g89cddaa to
                  | 0.30-a0-577-g18c7508
 17115 | Lair:2   | Killed steven32's ghost
 17116 | Lair:2   | Reached XP level 14. HP: 119/119 MP: 17/17
 17184 | Lair:5   | Noticed Kirke
 17189 | Lair:4   | Killed Kirke
 17350 | Lair:5   | Reached skill level 10 in Fighting
 17723 | Lair:5   | Identified a scroll of acquirement
 17726 | Lair:5   | Acquired a manual of Ranged Weapons
 17973 | Lair:5   | Learned a level 2 spell: Wereblood
 17977 | Lair:5   | Learned a level 3 spell: Inner Flame
 17982 | Lair:5   | Learned a level 4 spell: Leda's Liquefaction
 18285 | D:13     | Noticed Urug
 18285 | D:13     | Noticed Rupert
 18285 | D:13     | Found a gate to the Vaults.
 18332 | D:13     | Noticed Lodul
 18335 | D:13     | Identified the ring of Qoolow {rPois rC+}
 18536 | D:13     | Killed Urug
 18551 | D:13     | Killed Rupert
 18552 | D:13     | Reached skill level 1 in Hexes
 18558 | D:13     | Reached skill level 1 in Spellcasting
 18824 | D:13     | Killed Lodul
 19215 | D:13     | Reached skill level 1 in Armour
 19691 | D:14     | Reached XP level 15. HP: 71/128 MP: 22/22
 20532 | D:14     | Noticed a tengu reaver
 20533 | D:14     | Noticed a fire giant
 20543 | D:14     | Killed a tengu reaver
 20967 | D:14     | Identified the +6 dagger "Omogu" {pain, rPois rN+ Dex+5
                  | Stlth-}
 20971 | D:14     | Killed a fire giant
 21012 | D:14     | Found the -2 hat of the Alchemist {rElec rPois rF+ rC+ rN+
                  | Will+ rMut rCorr}
 21171 | D:15     | Entered Level 15 of the Dungeon
 21691 | D:15     | Reached skill level 5 in Hexes
 21885 | D:15     | Found a staircase to the Depths.
 22131 | D:10     | Bought the brooch of Shielding {Spirit SH+8} for 650 gold
                  | pieces
 22131 | D:10     | Found the brooch of Shielding {Spirit SH+8}
 22247 | Elf:1    | Entered Level 1 of the Elven Halls
 22321 | Elf:1    | Reached XP level 16. HP: 139/139 MP: 27/27
 22341 | Elf:1    | Reached skill level 5 in Spellcasting
 22371 | Elf:1    | Found a crumbling gateway.
 22399 | Desolati | Entered the Desolation of Salt
 22441 | Desolati | Identified the ring "Bauf" {rF+ rN+ Str+4 Dex+4}
 22617 | Desolati | Identified the +8 chain mail "Murammote" {rElec rC- Int+8
                  | Slay+2}
 22629 | Desolati | Found the +10 tower shield of Ignorance {rN+ Int-4}
 22637 | Desolati | Identified the ring "Monwaleu" {Drain rF++ Str+5 SInv}
 22643 | Desolati | Got Sif Muna's Almanac of the Necrotic Winter
 22852 | Desolati | Got Sif Muna's Codex of the Oath and Conflict
 22951 | Desolati | Reached skill level 1 in Transmutations
 23082 | Desolati | Got the Spellbook of Gelid Incandescence
 23243 | Desolati | Identified the +10 spear "Xadduups" {flame, rN+}
 23285 | Desolati | Got the Lessons on Battle Magic and Orientation
 23395 | Desolati | Identified the +6 sling of Pestilence {heavy, rPois rC+}
 23399 | Desolati | Got Darchafut's Vellum of Graupel and Beguiling
 24290 | Elf:2    | Found a runed translucent gate.
 24291 | Elf:2    | Found a runed translucent gate.
 24292 | Elf:2    | Found a runed translucent gate.
 24333 | Elf:2    | Paralysed by an air elemental for 1 turns
 24341 | Elf:2    | Reached XP level 17. HP: 138/148 MP: 26/30
 24783 | Shoals:1 | Entered Level 1 of the Shoals
 24800 | Shoals:1 | Reached skill level 5 in Armour
 24889 | Shoals:1 | Noticed Josephine
 24893 | Shoals:1 | Killed Josephine
 24948 | Shoals:1 | Noticed Mlioglotl
 24954 | Shoals:1 | Noticed a bone dragon
 24956 | Shoals:1 | Killed Mlioglotl
 25070 | Shoals:1 | Learned a level 4 spell: Cause Fear
 25161 | Shoals:1 | Identified the +8 chain mail of Good Intentions {Slay+5
                  | SInv}
 25209 | Shoals:1 | Noticed Roxanne
 25211 | Shoals:1 | Found a runed translucent door.
 25217 | Shoals:1 | Killed Roxanne
 25239 | Shoals:1 | Noticed Weadwuuwk's ghost (adept OpFi)
 25529 | Shoals:1 | Killed Weadwuuwk's ghost
 25539 | Shoals:1 | Identified the +0 hat of the Gardener {Will+}
 26746 | Shoals:4 | Entered Level 4 of the Shoals
 26776 | Shoals:4 | Identified the ring of Suspected Treachery {rF+ rC+ rCorr
                  | Dex+4}
 26879 | Shoals:4 | Noticed Nikola
 26881 | Shoals:4 | Killed Nikola
 26921 | Shoals:4 | Reached XP level 18. HP: 157/157 MP: 33/33
 26996 | Shoals:4 | Noticed Mara
 26999 | Shoals:4 | Killed Mara
 27129 | Shoals:4 | Identified the ring of Emukh {AC+4 Dex+3}
 27203 | Shoals:4 | Got a barnacled rune of Zot
 27347 | Shoals:4 | Noticed Polyphemus
 27349 | Shoals:4 | Noticed Donald
 27354 | Shoals:4 | Killed Donald
 27364 | Shoals:4 | Killed Polyphemus
 27713 | Snake:1  | Entered Level 1 of the Snake Pit
 28870 | Snake:2  | Noticed Aizul
 28876 | Snake:2  | Killed Aizul
 30282 | Snake:4  | Entered Level 4 of the Snake Pit
 30404 | Snake:4  | Reached skill level 15 in Dodging
 30451 | Snake:4  | Reached skill level 5 in Transmutations
 30454 | Snake:4  | Reached skill level 10 in Stealth
 30695 | Snake:4  | Got a serpentine rune of Zot
 30775 | Snake:4  | Reached XP level 19. HP: 167/167 MP: 35/35
 30782 | Snake:4  | Learned a level 5 spell: Silence
 30844 | Snake:4  | Identified the +6 great sword "Epiox" {pain, Drain rN+
                  | Will++ Dex+2}
 31483 | Vaults:1 | Entered Level 1 of the Vaults
 32023 | Vaults:1 | Reached skill level 10 in Hexes
 32116 | Vaults:1 | Identified the +4 scale mail "Nienn" {rPois rC++ Int+3
                  | Slay+3}
 32266 | Vaults:1 | Identified the +3 arbalest "Maul" {penet, rElec Dex+4}
 32869 | Vaults:2 | Found a staircase to the Crypt.
 32974 | Vaults:2 | Reached skill level 10 in Evocations
 34354 | Vaults:3 | Reached XP level 20. HP: 144/177 MP: 29/37
 34439 | Vaults:3 | Noticed Boris
 34454 | Vaults:3 | Killed Boris
 34508 | Vaults:3 | You fall into a shaft and drop 1 floor!
 34534 | Vaults:3 | Reached skill level 15 in Fighting
 35264 | Vaults:3 | Noticed Sojobo
 35275 | Vaults:3 | Killed Sojobo
 35963 | Vaults:4 | Upgraded the game from 0.30-a0-577-g18c7508 to
                  | 0.30-a0-585-g9311517
 37000 | Elf:3    | Entered Level 3 of the Elven Halls
 37314 | Elf:3    | Noticed Saint Roka
 37323 | Elf:3    | Killed Saint Roka
 37330 | Elf:3    | Identified the +7 great sword of Ascent {distort, Str+4}
 37341 | Elf:3    | Identified the +9 eveningstar "Pibur" {heavy, *Noise rF+
                  | Str+4}
 37341 | Elf:3    | Identified the amulet "Heuprure" {Acrobat Int+2}
 37387 | Elf:3    | Got the Parchment of Superposition and Venom
 37410 | Elf:3    | Identified the +7 scimitar of Governance {holy, rElec Will+
                  | Int+4}
 37455 | Elf:3    | Identified the +2 sling "Oneud" {drain, rN+}
 37463 | Elf:3    | Got the Quarto of Toxicants
 37492 | Elf:3    | Got the Catalogue of the Icicle and Transition
 37694 | Elf:3    | Upgraded the game from 0.30-a0-585-g9311517 to
                  | 0.30-a0-606-ga80edbb
 37702 | Elf:3    | Learned a level 7 spell: Enfeeble
 37711 | Elf:3    | Learned a level 8 spell: Discord
 37997 | Crypt:1  | Entered Level 1 of the Crypt
 38074 | Crypt:1  | Reached skill level 1 in Air Magic
 38141 | Crypt:1  | Reached XP level 21. HP: 187/187 MP: 39/39
 38310 | Crypt:1  | Found a runed translucent door.
 38395 | Crypt:1  | Noticed Debarherph's ghost (veteran FoFi)
 38761 | Crypt:1  | Killed Debarherph's ghost
 38772 | Crypt:1  | Got the Secrets of Terra Firma
 39105 | Crypt:2  | Noticed Khufu
 39105 | Crypt:2  | Noticed a royal mummy
 39105 | Crypt:2  | Noticed a royal mummy
 39111 | Crypt:2  | Killed a royal mummy
 39115 | Crypt:2  | Killed Khufu
 39124 | Crypt:2  | Killed a royal mummy
 39768 | Crypt:3  | Entered Level 3 of the Crypt
 39935 | Crypt:3  | Noticed a curse toe
 39999 | Crypt:3  | Noticed a dread lich
 39999 | Crypt:3  | Found the +3 Elemental Staff {rElec rF++ rC++ AC+5}
 40002 | Crypt:3  | Killed a dread lich
 40013 | Crypt:3  | Identified the ring of Xeczua {rN+ Int+2}
 40013 | Crypt:3  | Identified the ring of Nejatuti {rN+ MP+9 Str+2}
 40013 | Crypt:3  | Identified the ring "Hoes" {rElec rN+ SInv}
 40021 | Crypt:3  | Got the Compilation of the Remoulded Traveller
 40168 | Crypt:3  | Reached skill level 10 in Spellcasting
 40210 | Crypt:3  | Killed a curse toe
 40484 | Crypt:3  | Found a staircase to the Tomb.
 40989 | Depths:1 | Entered Level 1 of the Depths
 41648 | Depths:1 | Found a gateway to Hell.
 41662 | Depths:1 | Noticed Boris
 41670 | Depths:1 | Killed Boris
 41895 | Depths:1 | Reached skill level 5 in Air Magic
 42018 | Depths:1 | Reached XP level 22. HP: 196/196 MP: 41/41
 42281 | Depths:2 | Found a one-way gate leading to the halls of Pandemonium.
 42370 | Depths:2 | Found a runed translucent gate.
 42370 | Depths:2 | Found a runed translucent gate.
 42370 | Depths:2 | Found a runed translucent gate.
 42371 | Depths:2 | Noticed Wowk's ghost (veteran NaVM)
 42372 | Depths:2 | Noticed Bumn's ghost (adept TrMo)
 42532 | Depths:2 | Found Dukhis's Armour Boutique.
 42538 | Depths:2 | Bought the +4 ring mail of Leack {Str+4 Dex+7 Stlth-} for
                  | 527 gold pieces
 42615 | Depths:2 | Killed Wowk's ghost
 42619 | Depths:2 | Killed Bumn's ghost
 42639 | Depths:2 | Identified the +2 cloak of Fallacy {Dex+5}
 42746 | Depths:2 | Found a one-way gateway to a ziggurat.
 43094 | Depths:2 | Noticed Boris
 43102 | Depths:2 | Killed Boris
 43153 | Depths:2 | Reached skill level 15 in Hexes
 43205 | Depths:2 | Identified the +1 battleaxe of Yrupnuv {chaos, rElec rC-
                  | rCorr Int+7}
 43296 | Depths:2 | Found Ralohula's Armour Shop.
 43442 | Depths:3 | Noticed Grunn
 43613 | Depths:3 | Found a one-way gate to the infinite horrors of the Abyss.
 44035 | Depths:3 | Killed Grunn
 44704 | Depths:4 | Entered Level 4 of the Depths
 44723 | Depths:4 | Noticed a juggernaut
 44727 | Depths:4 | Killed a juggernaut
 44746 | Depths:4 | Found a flickering gateway to a bazaar.
 44758 | Bazaar   | Entered a bazaar
 44759 | Bazaar   | Found Apeomooh's Book Emporium.
 44767 | Bazaar   | Bought a There-And-Back Book for 390 gold pieces
 44782 | Bazaar   | Found Joeph's Armour Shop.
 44790 | Bazaar   | Found Ateifot's Magic Scroll Emporium.
 44798 | Bazaar   | Bought a scroll of enchant armour for 67 gold pieces
 44798 | Bazaar   | Bought a scroll of teleportation for 27 gold pieces
 44798 | Bazaar   | Bought a scroll of enchant armour for 67 gold pieces
 44798 | Bazaar   | Bought a scroll of magic mapping for 67 gold pieces
 44798 | Bazaar   | Bought a scroll of blinking for 67 gold pieces
 44799 | Bazaar   | Found Tezebb Zeza's Jewellery Shoppe.
 44903 | Depths:4 | Reached XP level 23. HP: 206/206 MP: 44/44
 44910 | Depths:4 | Found a magical portal.
 44915 | WizLab   | Entered Alistair's Party Mansion
 45317 | WizLab   | Acquired 1267 gold pieces
 45365 | WizLab   | Got Ziwa's Lectures on Venom and Reformation
 45367 | WizLab   | Got Harheicuto's Commentary on Moulding and Breath
 45512 | Depths:4 | Noticed the Enchantress
 45528 | Depths:4 | Killed the Enchantress
 45539 | Depths:4 | Noticed Parghit
 45553 | Depths:4 | Killed Parghit
 46104 | Depths:4 | Found a gate to the Realm of Zot.
 46832 | Vaults:5 | Entered Level 5 of the Vaults
 46867 | Vaults:5 | Noticed Frederick
 46876 | Vaults:5 | Noticed a dread lich
 46883 | Vaults:4 | Killed Frederick
 47223 | Vaults:5 | Noticed Mennas
 47230 | Vaults:5 | Killed Mennas
 47308 | Vaults:5 | Identified the ring of Kehiuthu {rN++ rCorr SInv}
 47322 | Vaults:5 | Noticed a dread lich
 47330 | Vaults:5 | Killed a dread lich
 47477 | Vaults:5 | Reached XP level 24. HP: 149/218 MP: 45/45
 47613 | Vaults:5 | Identified the amulet "Piwug" {Fly rElec Regen+ Stlth+}
 47630 | Vaults:5 | Got a silver rune of Zot
 47657 | Vaults:5 | Identified the +12 falchion "Qyluuw" {flame, Str+5}
 47747 | Vaults:5 | Noticed a dread lich
 47751 | Vaults:5 | Killed a dread lich
 47867 | Vaults:5 | Identified the +8 shortbow of Iconoclasm {drain, Will-
                  | Str+3 Int+5}
 47918 | Vaults:5 | Identified the +5 chain mail of the Stallion {+Inv Str+5}
 47947 | Vaults:5 | Killed a dread lich
 48139 | Vaults:5 | Learned a level 2 spell: Blink
 48209 | Vaults:5 | Identified the +7 short sword "Kuosm" {pain, Fragile Fly
                  | rPois}
 48739 | Slime:1  | Entered Level 1 of the Pits of Slime
 49098 | Slime:5  | Entered Level 5 of the Pits of Slime
 49167 | Slime:5  | Noticed the Royal Jelly
 49181 | Slime:5  | Killed the Royal Jelly
 49415 | Slime:5  | Got a slimy rune of Zot
 49424 | Slime:5  | Identified the ring "Zonio" {rC+ Dex+5}
 49443 | Slime:5  | Identified the +5 scale mail "Yfriec" {Fly rN++ Dex-4
                  | Stlth+}
 49446 | Slime:5  | Identified the +1 robe of the Northern Lights {rPois
                  | Will++}
 49464 | Slime:5  | Identified the ring "Tudeghal" {rC+ Will+ rCorr SInv}
 49469 | Slime:5  | Identified the +7 hand axe "Hojod" {elec, rElec rF++ Will-}
 49471 | Slime:5  | Acquired 452 gold pieces
 49496 | Slime:5  | Identified the ring "Gigh" {rN+ MP+9 Str+6 Int+7}
 49499 | Slime:5  | Identified the +8 sling "Jouxov" {elec, Drain rPois Str+6}
 49874 | Zot:1    | Entered Level 1 of the Realm of Zot
 50049 | Zot:1    | Acquired 556 gold pieces
 50203 | Zot:1    | Noticed a dread lich
 50210 | Zot:1    | Found a transporter.
 50272 | Zot:1    | Noticed an orb of fire
 51149 | Zot:1    | Killed an orb of fire
 51156 | Zot:1    | Killed a dread lich
 51625 | Zot:1    | Found a transporter.
 51630 | Zot:1    | Learned a level 3 spell: Portal Projectile
 51635 | Zot:1    | Reached XP level 25. HP: 228/228 MP: 46/46
 51963 | Zot:2    | Noticed an orb of fire
 51965 | Zot:2    | Killed an orb of fire
 52710 | Zot:3    | Found the +7 sceptre of Torment {pain, torment}
 53332 | Zig:1    | Entered Level 1 of a ziggurat
 53364 | Zig:2    | Entered Level 2 of a ziggurat
 53389 | Zig:3    | Entered Level 3 of a ziggurat
 53438 | Zig:4    | Entered Level 4 of a ziggurat
 53482 | Zig:4    | Identified the +6 morningstar of the Lamprey {heavy, Drain
                  | rElec rPois rF++}
 53486 | Zig:5    | Entered Level 5 of a ziggurat
 53509 | Zig:5    | Identified the +3 hand axe of Defence {antimagic, Will+
                  | Str+4 Int-5}
 53515 | Zig:6    | Entered Level 6 of a ziggurat
 53649 | Zig:7    | Entered Level 7 of a ziggurat
 53709 | Zig:7    | Found the +5 glaive of the Guard {elec, spectral, AC+5}
 53716 | Zig:7    | Identified the +4 spear of the Evening {flame, rN++ Dex-3}
 53734 | Zig:8    | Entered Level 8 of a ziggurat
 53834 | Zig:8    | Identified the ring "Recinwus" {Fire rElec rPois}
 53850 | Zig:9    | Entered Level 9 of a ziggurat
 53897 | Zig:9    | Found the +1 cloak of Starlight {*Dazzle EV+4 Stlth--}
 54029 | Zig:10   | Entered Level 10 of a ziggurat
 54188 | Zig:10   | Identified the +1 battleaxe "Zedghuxo" {distort, +Blink
                  | rF++ rCorr}
 54191 | Zig:10   | Identified the +3 tower shield "Mavot" {SInv}
 54192 | Zig:10   | Identified the +0 rapier of Riofeschar {flame, rF+ Int+2}
 54205 | Zig:11   | Entered Level 11 of a ziggurat
 54283 | Zig:11   | Identified the +0 plate armour "Ogin" {Harm rC+ rN++
                  | Stlth-}
 54287 | Zig:11   | Identified the +7 crystal plate armour of Morality {Regen+
                  | Slay-5 Stlth+}
 54293 | Zig:11   | Identified the +8 lajatang "Fakyiq" {freeze, Contam rElec
                  | rPois}
 54303 | Zig:12   | Entered Level 12 of a ziggurat
 54325 | Zig:12   | Noticed a dread lich
 54330 | Zig:12   | Killed a dread lich
 54765 | Zig:12   | Identified the +10 glaive of the Zealous God {protect,
                  | Int+4 Dex+4 Stlth-}
 54768 | Zig:13   | Entered Level 13 of a ziggurat
 54781 | Zig:13   | Noticed a juggernaut
 54781 | Zig:13   | Noticed a juggernaut
 54787 | Zig:13   | Killed a juggernaut
 54791 | Zig:13   | Killed a juggernaut
 54865 | Zig:13   | Found the +3 pair of mountain boots {steadfast, rC+}
 54876 | Zig:13   | Got Sif Muna's Directory of the Entrancing Deep Freeze
 54877 | Zig:13   | Identified the +0 ring mail of the Lost Path {rPois rC+
                  | Slay+3 SInv}
 54894 | Zig:13   | Identified the +10 short sword "Voggous" {venom, rPois}
 54902 | Zig:14   | Entered Level 14 of a ziggurat
 55140 | Zig:15   | Entered Level 15 of a ziggurat
 55161 | Zig:15   | Reached XP level 26. HP: 194/240 MP: 10/48
 55307 | Zig:15   | Identified the ring of Jegumac {rElec rF+++ rN+ Will-
                  | Slay+6}
 55333 | Zig:16   | Entered Level 16 of a ziggurat
 55360 | Zig:16   | Reached skill level 15 in Spellcasting
 55515 | Zig:16   | Got Xiecicos's Lectures on Attendants and the Wyrd
 55574 | Zig:17   | Entered Level 17 of a ziggurat
 55611 | Zig:17   | Noticed a juggernaut
 55612 | Zig:17   | Noticed a juggernaut
 55612 | Zig:17   | Noticed a juggernaut
 55618 | Zig:17   | Killed a juggernaut
 55621 | Zig:17   | Killed a juggernaut
 55623 | Zig:17   | Killed a juggernaut
 55821 | Zig:17   | Identified the +9 sling "Duemal" {heavy, *Corrode rPois rC+
                  | Str+4}
 55825 | Zig:17   | Identified the ring of the Tormentor {EV+5 Int+8 Dex+3}
 55833 | Zig:17   | Got Zymumirph's Parchment of Combined Bolts
 55862 | Zig:18   | Entered Level 18 of a ziggurat
 56149 | Zig:18   | Identified the ring of Monotheism {Fly Str+2 Dex+5}
 56177 | Zig:18   | Identified the +1 falchion of Zuweobb {venom, rPois Int+5}
 56189 | Zig:19   | Entered Level 19 of a ziggurat
 56197 | Zig:19   | Learned a level 6 spell: Dispersal
 56210 | Zig:19   | Reached skill level 1 in Translocations
 56484 | Zig:19   | Identified the amulet of Ramuf {Acrobat Int-2 Dex+5}
 56494 | Zig:19   | Got Sif Muna's Anthology of Abominable Mysteries and
                  | Pyromania
 56501 | Zig:19   | Identified the +0 chain mail of Hairiness {rElec rC++
                  | Str+4}
 56505 | Zig:19   | Identified the +11 halberd "Reuthrih" {spect, *Rage rC+
                  | Dex+7}
 56509 | Zig:20   | Entered Level 20 of a ziggurat
 56832 | Zig:20   | Found the +8 lance "Wyrmbane" {slay drac, rPois rF+ rC+
                  | AC+3}
 56856 | Zig:20   | Identified the +2 leather armour of Cowardice {*Slow +Blink
                  | rPois Int-4}
 56867 | Zig:20   | Identified the ring "Zuyxaror" {Drain rPois rC++ Dex+6
                  | Stlth+}
 56889 | Zig:20   | Reached XP level 27. HP: 250/250 MP: 48/49
 56893 | Zig:20   | Identified the +4 arbalest "Noarphin" {flame, Fly rC+
                  | Stlth+}
 56895 | Zig:20   | Identified the +3 ring mail "Riniydd" {Rampage rElec Str+4
                  | Stlth+}
 56918 | Zig:21   | Entered Level 21 of a ziggurat
 56960 | Zig:21   | Reached skill level 5 in Translocations
 57103 | Zig:21   | Identified the ring "Mahoall" {rCorr Str+4}
 57108 | Zig:21   | Identified the amulet of Elyvilon's Envy {Acrobat rElec}
 57115 | Zig:21   | Identified the +9 longbow of Gozag's Vengeance {freeze,
                  | rN++ Str+2 SInv Stlth-}
 57121 | Zig:21   | Identified the ring "Ilisao" {Contam rF+ rC+ Dex+4}
 57131 | Zig:22   | Entered Level 22 of a ziggurat
 57184 | Zig:22   | Noticed an ancient lich
 57198 | Zig:22   | Killed an ancient lich
 57202 | Zig:22   | Noticed a dread lich
 57205 | Zig:22   | Noticed a dread lich
 57217 | Zig:22   | Killed a dread lich
 57222 | Zig:22   | Killed a dread lich
 57244 | Zig:22   | Noticed a dread lich
 57250 | Zig:22   | Noticed a dread lich
 57257 | Zig:22   | Killed a dread lich
 57259 | Zig:22   | Killed a dread lich
 57549 | Zig:22   | Identified the +2 ring mail of Crawling {rElec rC- Str+4}
 57555 | Zig:22   | Identified the +5 spear "Newtslayer" {flame, rF+ Str-2
                  | Stlth+}
 57565 | Zig:22   | Identified the ring of Suspected Treachery {Will+ Str+3
                  | Dex+2}
 57574 | Zig:22   | Identified the +5 shortbow "Keferat" {heavy, rElec rF+
                  | Will++ Dex-3}
 57579 | Zig:23   | Entered Level 23 of a ziggurat
 57623 | Zig:23   | Noticed Xehotap the pandemonium lord
 57633 | Zig:23   | Killed Xehotap the pandemonium lord
 57639 | Zig:23   | Killed from afar by a Brimstone Fiend

Illustrated notes

Levels and vault maps discovered:
D:1:      dpeg_arrival_renting, layout_loops_ring
D:2:      layout_rooms, serial_shops, shop, basic_altar,
          minmay_worlds_worst_comb, uniq_crazy_yiuf_cottage
D:3:      layout_rooms, nicolae_yredelemnul_corpse_copse,
          hellmonk_ecumenical_altar_arch_garden, uniq_natasha, uniq_sigmund,
          uniq_jessica
D:4:      layout_loops_cross, lemuel_doored_altar,
          minmay_a_box_with_orc_wizards_in_it, uniq_menkaure,
          uniq_blork_the_orc, uniq_eustachio
D:5:      layout_loops_ring, minmay_temple_entry_stoned_glass
D:6:      layout_rooms, nicolae_overflow_hidden_temple, serial_shops,
          nicolae_shop_stone, kennysheep_mini_moat, moated_statue
D:7:      layout_basic
D:8:      layout_basic, mainiacjoe_overflow_big_doors, serial_shops,
          nicolae_shop_advertising_works [nicolae_subvault_shop_adworks]
D:9:      cheibrodos_elevator_heist, layout_basic,
          gammafunk_temple_overflow_wave, ebering_ghost_rock_garden
D:10:     layout_cave_pods, minivault_24, minmay_shop_grid_forest,
          chequers_decorated_corner, uniq_sonja
D:11:     layout_roguey, erik_lair_island, zombieorc2_lemuel
D:12:     layout_loops_ring, uniq_jorgrun
D:13:     layout_cave_pods, david_vaults_3, uniq_lodul
D:14:     minmay_nested_s, layout_stronghold, serial_bayou_pond_c
D:15:     grunt_enter_depths_snipers, layout_irregular_city,
          minmay_misc_feat_columns, grunt_decor_arrowhead
Lair:1:   layout_small_grid, lemuel_fruit_tree
Lair:2:   layout_loops_ring, minmay_snake_entry_guardpost_medium,
          gammafunk_ghost_split, nicolae_volcano_entry_lava_flow,
          serial_bayou_shore_b, serial_bayou_shore_b,
          infiniplex_staircase_pool_2
Lair:3:   layout_layer_cave, minmay_shoals_entry_hut,
          gammafunk_ghost_wrathful_warriors
Lair:4:   layout_regular_city, minmay_slime_entry_pillars
Lair:5:   minmay_lair_end_frog_pond, layout_loops_ring, serial_bayou_shore_a,
          uniq_kirke
Shoals:1: layout_shoals, ebering_ghost_inner_flame,
          nicolae_shoals_spring_well_temple, uniq_mlioglotl, uniq_roxanne,
          uniq_josephine
Shoals:2: layout_shoals
Shoals:3: layout_shoals
Shoals:4: shoals_end_hangedman, layout_shoals, nicolae_shoals_this_corrosion,
          uniq_donald, uniq_polyphemus, uniq_nikola, uniq_mara
Snake:1:  nicolae_snake_nest, layout_gridlike, eino_curves_02
Snake:2:  layout_chambers, uniq_aizul
Snake:3:  layout_cave_shapes, hangedman_snake_pattern
Snake:4:  johnstein_snake_rune_scales, layout_cave_town, grunt_ministairs_14,
          st_stairs_5, hangedman_snake_corridor_split
Slime:1:  layout_caves
Slime:2:  layout_caves
Slime:3:  layout_caves
Slime:4:  layout_caves
Slime:5
Orc:1:    layout_caves, mines1_david
Orc:2:    st_orc_pillars, layout_diamond_mine, nicolae_orc_rich_vein, uniq_urug
Elf:1:    elf_arrival_001, layout_rooms, portal_desolation_entry_holy_temple,
          portal_ice_cave_entry_ice_statue_two, minivault_28, grunt_megastairs_1
Elf:2:    elven_hall_of_blades_hangedman_original [mumra_blade_entry_bloodbath],
          layout_rooms, library_closet
Elf:3:    minmay_elf_hall, layout_geoelf_grid, uniq_saint_roka
Vaults:1: st_squares, ontoclasm_vaults_hangar, nicolae_vaults_yaktaur_gun_rack,
          v_misc_2, vaults_room_pools, v_misc_23,
          vaults_room_grunt_arrival_ludios, nicolae_vaults_alarming,
          nicolae_vaults_little_squares_4, layout_vaults_ring
Vaults:2: minmay_crypt_entry_vampire_xt, nicolae_vaults_little_squares_3,
          vaults_room_fancy_cross, vaults_standard_mumra_x,
          vaults_dpeg_encased_lava, v_misc_30, nicolae_vaults_mini_display_case,
          v_alt_pattern_3, v_misc_8, vaults_mumra_minichess_inversion,
          nicolae_vaults_angled_halls, vaults_room_pools, v_pattern_4,
          hangedman_vaults_stitches, nicolae_vaults_theta,
          layout_vaults_omnicross
Vaults:3: vaults_room_octagon, nicolae_vaults_ring_of_whatevers, v_misc_22,
          nicolae_vaults_ninety_degrees, v_misc_17,
          nicolae_vaults_twisting_passages, hangedman_vaults_unwind,
          ontoclasm_vaults_tryst, ontoclasm_vaults_ligature,
          nicolae_vaults_sealed_display, layout_vaults_chaotic_city,
          uniq_sojobo, uniq_boris
Vaults:4: hangedman_vaults_pinch, v_misc_30, hangedman_vaults_stagger,
          nicolae_vaults_branching_niches, ontoclasm_vaults_misaligned,
          ontoclasm_vaults_claustrophobia, grunt_vaults_hallway_long,
          nicolae_vaults_angled_halls, ontoclasm_vaults_hangar,
          layout_vaults_maze
Vaults:5: uniq_mennas, uniq_frederick
Crypt:1:  layout_chaotic_city, hellmonk_ghost_big_iron,
          grunt_crypt_arrival_webbed, grunt_megastairs_2
Crypt:2:  layout_catacombs, uniq_khufu
Crypt:3:  david_glass_crypt, layout_basic, tomb_entry_forgotten_bobbens
Depths:1: layout_roguey, grunt_mini_vestibule, hangedman_abyss_or_decor_clamps,
          minmay_misc_feat_room, nicolae_wu_jian_wuxing_cycle
Depths:2: evilmike_diamond_2, layout_gridlike, enter_ziggurat_a,
          gammafunk_ghost_cemetery, serial_shops, nicolae_shop_trees,
          nicolae_square_shop, pan_entry, hell_entry,
          infiniplex_staircase_squiggle
Depths:3: evilmike_horseshoe, layout_cave_pools, chequers_jeans,
          hangedman_abyss_entry_splay, hellmouth_1, drop_trap, uniq_grunn
Depths:4: grunt_crosshair, layout_cave_shapes, mu_enter_wizlab_1, hell_entry,
          dk_noncrumbling_4, serial_shops, bzr_entry_customers, uniq_josephina,
          uniq_enchantress, uniq_parghit
Zot:1:    gammafunk_sealed_library, layout_onion_interference
Zot:2:    layout_gridlike
Zot:3:    layout_gridlike
Zig:23

Skill      XL: |  1  2  3  4  5  6  7  8  9 10 11 12 13 14 15 16 17 18 19 20 21 22 23 24 25 26 27 |
---------------+----------------------------------------------------------------------------------+-----
Ranged Weapons | 4 5 6 7 8 10 11 12 13 14 15 16 17 18 19 20 21 22 | 22.4
Fighting       | 3 5 6 8 9 10 11 12 13 14 15 16 17 18 19 20 21 | 21.9
Dodging        | 3 5 6 8 9 11 12 13 14 15 16 17 18 19 20 21 22 | 22.0
Stealth        | 2 4 6 7 8 9 10 11 | 11.5
Evocations     | 2 4 5 6 7 8 9 10 11 | 11.2
Hexes          | 3 5 6 8 9 10 12 14 16 18 20 22 | 22.7
Spellcasting   | 2 4 6 7 8 9 10 11 12 13 14 15 16 | 16.1
Armour         | 1 3 4 5 6 7 8 |  8.5
Transmutations | 2 3 5 |  5.0
Air Magic      | 1 5 |  5.0
Translocations | 4 7 |  7.3

Action                   |  1- 3 |  4- 6 |  7- 9 | 10-12 | 13-15 | 16-18 | 19-21 | 22-24 | 25-27 || total
-------------------------+-------+-------+-------+-------+-------+-------+-------+-------+-------++-------
Melee: Shortbow          |       |     1 |       |       |       |       |       |       |       ||     1
       Arbalest          |       |       |       |       |     1 |       |       |       |       ||     1
 Fire: Shortbow          |    83 |   179 |   404 |   738 |       |       |       |       |       ||  1404
       Arbalest          |       |       |       |   139 |   649 |   940 |   796 |   926 |   498 ||  3948
       Longbow           |       |       |       |       |   285 |    10 |   340 |       |    90 ||   725
 Cast: Wereblood         |       |       |       |       |     1 |     3 |    11 |    17 |     4 ||    36
       Leda's Liquefacti |       |       |       |       |       |     3 |     5 |       |       ||     8
       Cause Fear        |       |       |       |       |       |       |     2 |       |       ||     2
       Silence           |       |       |       |       |       |       |     1 |       |       ||     1
       Discord           |       |       |       |       |       |       |       |    10 |    67 ||    77
       Blink             |       |       |       |       |       |       |       |     2 |       ||     2
Evoke: Wand              |       |       |     5 |       |       |       |       |       |       ||     5
       Phial of floods   |       |       |       |       |     2 |       |     1 |     1 |       ||     4
       Box of beasts     |       |       |       |       |     1 |     1 |       |     1 |       ||     3
       Tin of tremorston |       |       |       |       |       |     5 |     7 |     8 |     7 ||    27
       Condenser vane    |       |       |       |       |       |       |       |     3 |     5 ||     8
       Phantom mirror    |       |       |       |       |       |       |       |     1 |       ||     1
  Use: Potion            |       |     1 |     1 |     2 |     1 |     5 |     1 |     5 |     6 ||    22
       Scroll            |       |       |    16 |     4 |    12 |     6 |     9 |    10 |     2 ||    59
Armor: Leather armour    |    15 |       |       |       |       |       |       |       |       ||    15
       Robe              |       |    50 |    47 |    26 |       |       |       |       |       ||   123
       Steam dragon scal |       |       |     3 |       |       |       |       |       |       ||     3
       Troll leather arm |       |       |       |    34 |    47 |    12 |    39 |    10 |       ||   142
       Ring mail         |       |       |       |       |       |       |       |    27 |       ||    27
       Acid dragon scale |       |       |       |       |       |       |       |    30 |    92 ||   122
Dodge: Dodged            |    21 |   109 |   143 |   407 |   738 |   698 |   972 |  1491 |  1431 ||  6010
Block: Other             |       |       |       |       |     3 |   207 |   247 |   373 |   298 ||  1128

Table legend: (Time is in decaauts)
 A = Elapsed time spent in this place.
 B = Non-inter-level travel time spent in this place.
 C = Inter-level travel time spent in this place.
 D = Time resting spent in this place.
 E = Time spent auto-exploring this place.
 F = Levels seen in this place.
 G = Mean time per level.
                   A        B        C        D        E       F      G
               +--------+--------+--------+--------+--------+-----+--------+
         Total |  59790 |  53418 |   6372 |   2340 |  37702 |  80 |  747.4 |
       Dungeon |  16626 |  14188 |   2438 |   1048 |  10286 |  15 | 1108.4 |
          Lair |   5258 |   4357 |    901 |    154 |   3237 |   5 | 1051.6 |
        Shoals |   3388 |   3241 |    147 |      8 |   2379 |   4 |  847.0 |
     Snake Pit |   3805 |   3568 |    237 |     55 |   2935 |   4 |  951.2 |
    Slime Pits |    916 |    867 |     49 |    225 |    299 |   5 |  183.2 |
  Orcish Mines |   1770 |   1341 |    429 |     14 |    928 |   2 |  885.0 |
   Elven Halls |   2281 |   1720 |    561 |      0 |   1225 |   3 |  760.3 |
        Vaults |   7515 |   6827 |    688 |    472 |   4930 |   5 | 1503.0 |
         Crypt |   3005 |   2868 |    137 |    134 |   2076 |   3 | 1001.7 |
        Depths |   4858 |   4254 |    604 |    101 |   3048 |   4 | 1214.5 |
           Zot |   3430 |   3255 |    175 |     26 |   2722 |   3 | 1143.3 |
      Ziggurat |   4504 |   4504 |      0 |     38 |   2728 |  23 |  195.8 |
        Bazaar |     85 |     85 |      0 |      0 |      0 |   1 |   85.0 |
       Volcano |    297 |    297 |      0 |      0 |    147 |   1 |  297.0 |
        Wizlab |    654 |    654 |      0 |     11 |    227 |   1 |  654.0 |
    Desolation |   1389 |   1389 |      0 |     53 |    533 |   1 | 1389.0 |
               +--------+--------+--------+--------+--------+-----+--------+

Top non-repeatable levels by time:
   Zot:1: 1908 daAuts
    D:14: 1838 daAuts
Vaults:2: 1756 daAuts
Vaults:4: 1673 daAuts
    D:11: 1671 daAuts
Vaults:3: 1476 daAuts
Depths:2: 1466 daAuts
     D:9: 1418 daAuts
Vaults:5: 1413 daAuts
Desolation: 1389 daAuts
    D:13: 1311 daAuts
Depths:3: 1292 daAuts
  Lair:4: 1248 daAuts
   Orc:2: 1232 daAuts
Depths:4: 1226 daAuts
